3L
SEATTLE AVIATORS @ LAS VEGAS FLAMINGOS
09/01/2030
 
TOP OF THE 1ST
Seattle Aviators batting - Pitching for Las Vegas Flamingos : LHP Luis Peńa
Pitching: LHP Luis Peńa
Batting: SHB Juan Torres 0-0: Foul Ball, location: 2F
0-1: Swinging Strike
0-2: Ground out 6-3 (Groundball, 6S)
Batting: SHB Nuygen Vuong 0-0: Ball
1-0: Ball
2-0: Foul Ball, location: 2F
2-1: Ball
3-1: Base on Balls
Batting: RHB Rubén Marino 0-0: Ball
Nuygen Vuong steals 2nd base
1-0: SINGLE (Flyball, 89M)
Nuygen Vuong to third
Runner from 3rd tries for Home, SAFE, no throw
Batting: RHB Seon-keun Kim 0-0: Grounds into double play, 5-4-3 (Groundball, 56)
Top of the 1st over - 1 run, 1 hit, 0 errors, 0 left on base; Seattle 1 - Las Vegas 0
BOTTOM OF THE 1ST
Las Vegas Flamingos batting - Pitching for Seattle Aviators : RHP José Muńóz
Pitching: RHP José Muńóz
Batting: RHB Sake van Arem 0-0: Ball
1-0: SINGLE (Groundball, 56D)
Batting: LHB Ruud van Ineveld 0-0: Ball
1-0: Called Strike
1-1: Called Strike
1-2: Ball
2-2: Fly out, F7 (Flyball, 78XD)
Batting: LHB Victor Adams 0-0: Ball
1-0: Called Strike
Sake van Arem steals 2nd base
1-1: Fly out, F9 (Flyball, 9D)
Runner from 2nd tags up, SAFE at 3rd, no throw
Batting: RHB Sergio Ortíz 0-0: Foul Ball, location: 2F
0-1: Ball
1-1: SINGLE (Groundball, 56D)
Sake van Arem scores
Batting: SHB Glyn Bolasky 0-0: Ball
1-0: Ball
2-0: Called Strike
2-1: Swinging Strike
2-2: Ball
3-2: Base on Balls
Sergio Ortíz to second
Batting: RHB Xavier Hernández 0-0: Ball
1-0: Swinging Strike
1-1: Called Strike
1-2: Fielders Choice at 2nd, 6-4 (Groundball, 6)
Bottom of the 1st over - 1 run, 2 hits, 0 errors, 2 left on base; Seattle 1 - Las Vegas 1
TOP OF THE 2ND
Seattle Aviators batting - Pitching for Las Vegas Flamingos : LHP Luis Peńa
Batting: LHB Jorge Mojica 0-0: Ball
1-0: Fly out, F7 (Flyball, 7S)
Batting: LHB Kenny Webster 0-0: Foul Ball, location: 2F
0-1: Ground out U3 (Groundball, 3L)
Batting: RHB Jay Parker 0-0: Ball
1-0: Fly out, F9 (Line Drive, 9)
Top of the 2nd over - 0 runs, 0 hits, 0 errors, 0 left on base; Seattle 1 - Las Vegas 1
BOTTOM OF THE 2ND
Las Vegas Flamingos batting - Pitching for Seattle Aviators : RHP José Muńóz
Batting: LHB José Alonso 0-0: Ball
1-0: Ball
2-0: SINGLE (Groundball, 34D)
Batting: SHB Wilbert Carter 0-0: Ball
1-0: Ball
2-0: Called Strike
2-1: Ball
3-1: Fly out, F3 (Line Drive, 3)
Batting: RHB Jeff Young 0-0: Called Strike
0-1: Called Strike
0-2: Grounds into double play, 5-4-3 (Groundball, 56)
Bottom of the 2nd over - 0 runs, 1 hit, 0 errors, 0 left on base; Seattle 1 - Las Vegas 1
TOP OF THE 3RD
Seattle Aviators batting - Pitching for Las Vegas Flamingos : LHP Luis Peńa
Batting: LHB Pedro Corona 0-0: Ball
1-0: Ball
2-0: Ball
3-0: Base on Balls
Batting: RHB José Rodríguez 0-0: Called Strike
0-1: Swinging Strike
0-2: Ball
1-2: Strikes out swinging
Batting: SHB Juan Torres 0-0: Ball
1-0: Ball
Pedro Corona steals 2nd base
2-0: Called Strike
2-1: Fly out, F2 (Popup, 3SF)
Batting: SHB Nuygen Vuong 0-0: Ball
1-0: Called Strike
1-1: Foul Ball, location: 2F
1-2: Strikes out swinging
Top of the 3rd over - 0 runs, 0 hits, 0 errors, 1 left on base; Seattle 1 - Las Vegas 1
BOTTOM OF THE 3RD
Las Vegas Flamingos batting - Pitching for Seattle Aviators : RHP José Muńóz
Batting: RHB Sake van Arem 0-0: Called Strike
0-1: Called Strike
0-2: Ball
1-2: Ground out 4-3 (Groundball, 4D)
Batting: LHB Ruud van Ineveld 0-0: Ball
1-0: Called Strike
1-1: Ground out 5-3 (Groundball, 6)
Batting: LHB Victor Adams 0-0: Ball
1-0: Ground out 6-3 (Groundball, 6M)
Bottom of the 3rd over - 0 runs, 0 hits, 0 errors, 0 left on base; Seattle 1 - Las Vegas 1
TOP OF THE 4TH
Seattle Aviators batting - Pitching for Las Vegas Flamingos : LHP Luis Peńa
Batting: RHB Rubén Marino 0-0: Ball
1-0: Fly out, F9 (Line Drive, 9)
Batting: RHB Seon-keun Kim 0-0: Swinging Strike
0-1: Ball
1-1: Ball
2-1: Foul Ball, location: 2F
2-2: Strikes out looking
Batting: LHB Jorge Mojica 0-0: Called Strike
0-1: Ground out 4-3 (Groundball, 4D)
Top of the 4th over - 0 runs, 0 hits, 0 errors, 0 left on base; Seattle 1 - Las Vegas 1
BOTTOM OF THE 4TH
Las Vegas Flamingos batting - Pitching for Seattle Aviators : RHP José Muńóz
Batting: RHB Sergio Ortíz 0-0: Ball
1-0: Ground out 3-1 (Groundball, 34S)
Batting: SHB Glyn Bolasky 0-0: Ball
1-0: Ground out 6-3 (Groundball, 6)
Batting: RHB Xavier Hernández 0-0: Foul Ball, location: 2F
0-1: SINGLE (Groundball, 56D)
Batting: LHB José Alonso 0-0: Ball
1-0: Called Strike
1-1: Ball
2-1: Swinging Strike
2-2: Ball
3-2: SINGLE (Groundball, 4D)
Xavier Hernández to second
Xavier Hernández to third
Batting: SHB Wilbert Carter 0-0: Called Strike
0-1: Ball
1-1: Ball
2-1: Foul Ball, location: 2F
2-2: Strikes out looking
Bottom of the 4th over - 0 runs, 2 hits, 0 errors, 2 left on base; Seattle 1 - Las Vegas 1
TOP OF THE 5TH
Seattle Aviators batting - Pitching for Las Vegas Flamingos : LHP Luis Peńa
Batting: LHB Kenny Webster 0-0: Called Strike
0-1: Ball
1-1: Ball
2-1: Ball
3-1: Called Strike
3-2: Strikes out swinging
Batting: RHB Jay Parker 0-0: Foul Ball, location: 2F
0-1: Ball
1-1: Ball
2-1: Ball
3-1: Foul Ball, location: 2F
3-2: Base on Balls
Batting: LHB Pedro Corona 0-0: Ball
1-0: Foul Ball, location: 2F
1-1: Foul Ball, location: 2F
1-2: Strikes out swinging
Batting: RHB José Rodríguez 0-0: Ball
1-0: Called Strike
1-1: Ball
2-1: Ground out 5-3 (Groundball, 56S)
Top of the 5th over - 0 runs, 0 hits, 0 errors, 1 left on base; Seattle 1 - Las Vegas 1
BOTTOM OF THE 5TH
Las Vegas Flamingos batting - Pitching for Seattle Aviators : RHP José Muńóz
Batting: RHB Jeff Young 0-0: Ball
1-0: Called Strike
1-1: Ball
2-1: DOUBLE (Groundball, 5L)
Batting: RHB Sake van Arem 0-0: Fly out, F5 (Line Drive, 5L)
Batting: LHB Ruud van Ineveld 0-0: Swinging Strike
0-1: Foul Ball, location: 2F
0-2: Ball
1-2: SINGLE (Groundball, 4) (infield hit)
Jeff Young to third
Batting: LHB Victor Adams 0-0: Ball
1-0: Called Strike
1-1: Fly out, F7 (Flyball, 78D)
Runner from 3rd tags up, SCORES, throw made
Batting: RHB Sergio Ortíz 0-0: Called Strike
0-1: Ball
1-1: Called Strike
Ruud van Ineveld steals 2nd base
1-2: Fly out, F4 (Popup, 4S)
Bottom of the 5th over - 1 run, 2 hits, 0 errors, 1 left on base; Seattle 1 - Las Vegas 2
TOP OF THE 6TH
Seattle Aviators batting - Pitching for Las Vegas Flamingos : LHP Luis Peńa
Batting: SHB Juan Torres 0-0: Ground out 6-3 (Groundball, 6)
Batting: SHB Nuygen Vuong 0-0: Called Strike
0-1: Foul Ball, location: 2F
0-2: Foul Ball, location: 2F
0-2: Ball
1-2: DOUBLE (Flyball, 78D)
Batting: RHB Rubén Marino 0-0: Called Strike
0-1: Called Strike
Nuygen Vuong steals 3rd base
0-2: SINGLE (Line Drive, 6D)
Nuygen Vuong scores
Batting: RHB Seon-keun Kim 0-0: Called Strike
Rubén Marino steals 2nd base
0-1: Ball
1-1: Foul Ball, location: 2F
1-2: Foul Ball, location: 2F
1-2: SINGLE (Line Drive, 78S)
Rubén Marino to third
Runner from 3rd tries for Home, SAFE, no throw
Batting: LHB Jorge Mojica 0-0: Ball
1-0: Swinging Strike
1-1: Foul Ball, location: 2F
1-2: Strikes out looking
Batting: LHB Kenny Webster 0-0: Ball
1-0: Ball
2-0: Ball
3-0: Base on Balls
Seon-keun Kim to second
Batting: RHB Jay Parker 0-0: Foul Ball, location: 2F
0-1: Swinging Strike
0-2: Strikes out swinging
Top of the 6th over - 2 runs, 3 hits, 0 errors, 2 left on base; Seattle 3 - Las Vegas 2
BOTTOM OF THE 6TH
Las Vegas Flamingos batting - Pitching for Seattle Aviators : RHP José Muńóz
Batting: SHB Glyn Bolasky 0-0: Called Strike
0-1: Ball
1-1: Ball
2-1: Called Strike
2-2: Strikes out swinging
Batting: RHB Xavier Hernández 0-0: Ball
1-0: Ball
2-0: Ball
3-0: Called Strike
3-1: Base on Balls
Batting: LHB José Alonso 0-0: Swinging Strike
0-1: SINGLE (Groundball, 34D)
Xavier Hernández to second
Runner from 2nd tries for 3rd, OUT!
Batting: SHB Wilbert Carter 0-0: Ground out 4-3 (Groundball, 34D)
Bottom of the 6th over - 0 runs, 1 hit, 0 errors, 1 left on base; Seattle 3 - Las Vegas 2
TOP OF THE 7TH
Seattle Aviators batting - Pitching for Las Vegas Flamingos : LHP Luis Peńa
Batting: LHB Pedro Corona 0-0: Ball
1-0: Fly out, F6 (Popup, 6MS)
Batting: RHB José Rodríguez 0-0: Ball
1-0: Ball
2-0: Fly out, F5 (Popup, 5SF)
Batting: SHB Juan Torres 0-0: Swinging Strike
0-1: Ball
1-1: SINGLE (Line Drive, 89S)
Batting: SHB Nuygen Vuong 0-0: Ball
Juan Torres steals 2nd base
1-0: Ball
2-0: Ball
3-0: Called Strike
3-1: Fly out, F8 (Flyball, 8LS)
Top of the 7th over - 0 runs, 1 hit, 0 errors, 1 left on base; Seattle 3 - Las Vegas 2
BOTTOM OF THE 7TH
Las Vegas Flamingos batting - Pitching for Seattle Aviators : RHP José Muńóz
Batting: RHB Jeff Young 0-0: Ball
1-0: Swinging Strike
1-1: Called Strike
1-2: Ball
2-2: Ground out 5-3 (Groundball, 56)
Batting: RHB Sake van Arem 0-0: Foul Ball, location: 2F
0-1: Ball
1-1: Ball
2-1: Swinging Strike
2-2: Foul Ball, location: 2F
2-2: Ground out 6-3 (Groundball, 6)
Batting: LHB Ruud van Ineveld 0-0: Fly out, F3 (Line Drive, 3)
Bottom of the 7th over - 0 runs, 0 hits, 0 errors, 0 left on base; Seattle 3 - Las Vegas 2
TOP OF THE 8TH
Seattle Aviators batting - Pitching for Las Vegas Flamingos : LHP Luis Peńa
Pitching: LHP Josh Cox
Batting: RHB Rubén Marino 0-0: Foul Ball, location: 2F
0-1: Ball
1-1: Ground out 4-3 (Groundball, 4)
Batting: RHB Seon-keun Kim 0-0: Ball
1-0: Foul Ball, location: 2F
1-1: Called Strike
1-2: Ball
2-2: Ball
3-2: Base on Balls
Batting: LHB Jorge Mojica 0-0: Ball
1-0: Grounds into double play, 4-6-3 (Groundball, 4)
Top of the 8th over - 0 runs, 0 hits, 0 errors, 0 left on base; Seattle 3 - Las Vegas 2
BOTTOM OF THE 8TH
Las Vegas Flamingos batting - Pitching for Seattle Aviators : RHP José Muńóz
Batting: LHB Victor Adams 0-0: Called Strike
0-1: Ball
1-1: Ball
2-1: SINGLE (Groundball, 4MD)
Pinch Runner at 1st Daniel Maldonado:
Batting: RHB Sergio Ortíz 0-0: Ball
1-0: Called Strike
1-1: Swinging Strike
1-2: Ball
2-2: Foul Ball, location: 2F
2-2: Grounds into double play, 4-6-3 (Groundball, 34)
Batting: SHB Glyn Bolasky 0-0: Fly out, F7 (Flyball, 7LM)
Bottom of the 8th over - 0 runs, 1 hit, 0 errors, 0 left on base; Seattle 3 - Las Vegas 2
TOP OF THE 9TH
Seattle Aviators batting - Pitching for Las Vegas Flamingos : LHP Josh Cox
Batting: LHB Kenny Webster 0-0: SINGLE (Groundball, 4D)
Pinch Runner at 1st Jorge Ortíz:
Batting: RHB Jay Parker 0-0: Ball
1-0: Foul Ball, location: 2F
1-1: Called Strike
1-2: Grounds into double play, 6-4-3 (Groundball, 6)
Batting: LHB Pedro Corona 0-0: Called Strike
0-1: Ball
1-1: Foul Ball, location: 2F
1-2: Ball
2-2: Ground out 6-3 (Groundball, 6M)
Top of the 9th over - 0 runs, 1 hit, 0 errors, 0 left on base; Seattle 3 - Las Vegas 2
BOTTOM OF THE 9TH
Las Vegas Flamingos batting - Pitching for Seattle Aviators : RHP José Muńóz
Now in RF: Dong-jin Kim
Batting: RHB Xavier Hernández 0-0: Swinging Strike
0-1: Foul Ball, location: 2F
0-2: Ball
1-2: Foul Ball, location: 2F
1-2: SINGLE (Flyball, 8LM)
Pitching: LHP Yajirobei Otomo
Pinch Hitting: RHB Arsenio Laurel 0-0: Foul Ball, location: 2F
0-1: Called Strike
0-2: Ground out 5-3 (Groundball, 5S)
Xavier Hernández to second
Pinch Hitting: RHB Rodney Usry 0-0: Ball
1-0: Foul Ball, location: 2F
1-1: Ball
2-1: Foul Ball, location: 2F
2-2: Foul Ball, location: 2F
2-2: Ball
3-2: Strikes out swinging
Batting: RHB Jeff Young 0-0: Ball
1-0: Ball
2-0: Ball
3-0: Called Strike
3-1: Fly out, F5 (Line Drive, 56)
Bottom of the 9th over - 0 runs, 1 hit, 0 errors, 1 left on base; Seattle 3 - Las Vegas 2
Sunday, March 18th, 2018 - OOTP Baseball 18.8 Build 76